 Dungeon Crawl Stone Soup version 0.31.0-32-g396128a36d (webtiles) character file.

Game seed: 1203323932857911375

1624 occam the Geomancer (level 8, -7/45 HPs)
             Began as a Gargoyle Earth Elementalist on Apr 2, 2024.
             Shot with an arrow by a centaur (10 damage)
             ... on level 6 of the Dungeon.
             The game lasted 00:13:34 (6015 turns).

occam the Geomancer (Gargoyle Earth Elementalist)   Turns: 6015, Time: 00:13:34

Health: -7/45      AC:  9    Str: 11    XL:     8   Next: 97%
Magic:  19/21      EV: 12    Int: 19    God:
Gold:   361        SH:  5    Dex: 10    Spells: 9/13 levels left

rFire   . . .        d - staff of earth
rCold   . . .        (no shield)
rNeg    + . .        a - +0 robe
rPois   ∞            y - +0 helmet
rElec   +            (no cloak)
rCorr   .            (no gloves)
SInv    .            i - +0 pair of boots
Will    .....        m - amulet of reflection
Stlth   ++           c - ring of magical power
HPRegen 0.27/turn    (no ring)
MPRegen 0.17/turn

%: reflection
@: no status effects
A: sickness immunity, AC +5, negative energy resistance 1, electricity
resistance, torment resistance 1, petrification resistance
a: no special abilities


You were on level 6 of the Dungeon.
You visited 2 branches of the dungeon, and saw 8 of its levels.

You collected 361 gold pieces.

Inventory:

Armour
 a - a +0 robe (worn)
 i - a +0 pair of boots (worn)
 s - a +0 kite shield
 y - a +0 helmet (worn)
Magical Staves
 d - a staff of earth (weapon)
 j - a staff of air
Jewellery
 c - a ring of magical power (left hand)
 e - a +6 ring of dexterity
 m - an amulet of reflection (around neck)
 x - a ring of see invisible
Wands
 z - a wand of quicksilver (11)
Scrolls
 f - a scroll of torment {unknown}
 k - a scroll of enchant armour {unknown}
 l - a scroll of fog {unknown}
 n - a scroll of vulnerability {unknown}
 o - a scroll of silence {unknown}
 p - 2 scrolls of fear {unknown}
 r - a scroll of noise {unknown}
 u - 2 scrolls of identify
 w - a scroll of teleportation
 A - a scroll of blinking {unknown}
Potions
 b - 2 potions of magic
 g - 3 potions of curing
 h - a potion of heal wounds
 q - 2 potions of enlightenment
 t - a potion of attraction {unknown}
 v - 2 potions of invisibility {unknown}


   Skills:
 + Level 2.9 Fighting
 + Level 2.8 Dodging
 - Level 2.1 Stealth
 + Level 3.2 Spellcasting
 + Level 7.5 Conjurations
 + Level 9.0 Earth Magic


You had 9 spell levels left.
You knew the following spells:

 Your Spells              Type           Power      Damage    Failure   Level
a - Sandblast             Erth           100%       2d20      1%          1
b - Stone Arrow           Conj/Erth      100%       3d13      1%          3

Your spell library contained the following spells:

 Spells                   Type           Power      Damage    Failure   Level
 Passwall                 Erth           54%        N/A       1%          3
 Brom's Barrelling Bould  Conj/Erth      51%        2d7       4%          4
 Slow                     Hex            12%        N/A       16%         1
 Mephitic Cloud           Conj/Alch/Air  12%        N/A       16%         3
 Mercury Vapours          Alch/Air       6%         N/A       22%         2
 Petrify                  Alch/Erth      30%        N/A       22%         4
 Call Canine Familiar     Summ           3%         N/A       41%         3
 Confusing Touch          Hex            3%         N/A       41%         3
 Sigil of Binding         Hex            3%         N/A       41%         3
 Vampiric Draining        Necr           3%         2d6       41%         3
 Arcjolt                  Conj/Air       8%         1d18      65%         5
 Freezing Cloud           Conj/Ice/Air   6%         6-21      82%         5
 Dimensional Bullseye     Hex/Tloc       1%         N/A       83%         4
 Vhi's Electric Charge    Tloc/Air       6%         N/A       83%         4
 Metabolic Englaciation   Hex/Ice        1%         N/A       99%         5
 Plasma Beam              Fire/Air       1%         2x1d11    100%        6
 Enfeeble                 Hex            1%         N/A       100%        7


Dungeon Overview and Level Annotations

Branches:
Dungeon (7/15)             Temple (1/1) D:4

Altars:
Ashenzari
Elyvilon
Fedhas
Gozag
Hepliaklqana
Kikubaaqudgha
Makhleb
Nemelex Xobeh
Okawaru
Qazlal
Ru
Sif Muna
Uskayaw
Wu Jian
Xom
Zin
The Shining One

Annotations:
D:6 1 runed translucent door, flammie80's ghost, weakling FoMo


Innate Abilities, Weirdness & Mutations

You are immune to sickness and miasma.
Your stone body is resilient. (AC +5)
You are immune to poison.
You resist negative energy. (rN+)
You are resistant to electric shocks. (rElec)
You are resistant to unholy torment.
You are immune to petrification.


Message History

A centaur is nearby!
No reachable target in view!
The centaur shouts! x3
The centaur wields a +1 heavy shortbow.
The centaur shoots an arrow.
The arrow closely misses you.
The centaur shouts!
You feel a surge of power!
The blast of sand hits the centaur!
The centaur is heavily wounded.
The centaur shoots an arrow.
The arrow closely misses you.
The centaur shoots an arrow.
The arrow barely misses you.
The centaur shoots an arrow.
The arrow barely misses you.
The centaur shoots an arrow.
The arrow hits you but does no damage.
The centaur shoots an arrow.
The arrow hits you but does no damage.
The centaur shoots an arrow.
The arrow barely misses you.
You feel a surge of power!
The blast of sand hits the centaur!
The centaur is almost dead.
The centaur shoots an arrow.
The arrow hits you.
The centaur shoots an arrow.
The arrow hits you.
The centaur shoots an arrow.
The arrow hits you.
The centaur shoots an arrow.
You block the arrow with an invisible shield... and reflect it back!
The arrow hits the centaur!!
The centaur shoots an arrow.
The arrow barely misses you.
The centaur shoots an arrow.
The arrow hits you!
The centaur shoots an arrow.
The arrow closely misses you.
The centaur shouts!
You are too injured to fight recklessly!
You are too injured to fight recklessly!
The centaur shoots an arrow.
The arrow hits you.
The centaur shoots an arrow.
You block the arrow with an invisible shield... and reflect it back!
The arrow hits the centaur!
You kill the centaur!
The centaur shoots an arrow.
The arrow barely misses you.
The centaur shoots an arrow.
The arrow hits you.
* * * LOW HITPOINT WARNING * * *
The centaur wields a +2 orcbow of freezing.
It is covered in frost.
The centaur shoots an arrow.
The arrow hits you!
* * * LOW HITPOINT WARNING * * *
The arrow freezes you.
* * * LOW HITPOINT WARNING * * *
The centaur shoots an arrow.
The arrow hits you!
You die...

≈≈≈≈≈≈..#'#...≈≈≈≈≈.....### ##.##
≈≈≈≈≈≈...c...c≈≈≈≈≈.......###...#
≈≈≈≈≈≈≈...cc.≈≈≈≈≈≈.# #..........
≈≈≈≈≈≈≈≈≈c.≈≈≈≈≈≈≈≈. ###....#..#
≈≈≈≈≈≈≈≈≈≈≈≈≈≈≈≈≈≈# #...##..#
≈≈≈≈≈≈≈≈≈≈≈≈≈≈≈...# #..###..#
....≈≈≈≈≈≈≈≈.....# ##.## ##.#
.....≈≈≈≈........# ##..# #.#
....<.........#.@## #..## #.#
............####..# ##..# #.#
....#......# ##.####..##
..##..z.....#.##...##...# .
.....z..................#######..
......>....[####^####............
............ ... #......<..#
............#.... #.......###
.......... #.... #.......#


You could see 5 centaurs.

Vanquished Creatures
  Grinder (D:3)
  A steam dragon (D:6)
  Edmund (D:4)
  An ice beast (D:5)
  3 ogres
  A centaur (D:6)
  2 phantoms
  A bullfrog (D:6)
  A bombardier beetle (D:5)
  5 hounds
  2 iguanas (D:5)
  An orc wizard (D:6)
  Robin (D:4)
  8 gnolls (D:2)
  6 adders
  A white imp (D:6)
  6 ufetubi
  2 dart slugs (D:5)
  4 ribbon worms
  6 orcs
  4 endoplasms
  5 giant cockroaches
  15 goblins
  13 hobgoblins
  7 jackals
  3 quokkas
  9 ball pythons
  2 bats
  5 frilled lizards
  10 kobolds
  8 rats
135 creatures vanquished.

Notes
Turn   | Place    | Note
-------+----------+-------------------------------------------
     0 | D:1      | occam the Gargoyle Earth Elementalist began the quest for
                  | the Orb.
     0 | D:1      | Reached XP level 1. HP: 10/10 MP: 3/3
   169 | D:1      | Reached XP level 2. HP: 15/15 MP: 3/5
   211 | D:1      | Reached skill level 4 in Earth Magic
   830 | D:2      | Reached XP level 3. HP: 19/19 MP: 3/6
  1031 | D:2      | Reached XP level 4. HP: 15/24 MP: 2/7
  1114 | D:2      | Reached skill level 5 in Earth Magic
  1560 | D:2      | Reached XP level 5. HP: 28/28 MP: 5/8
  1952 | D:3      | Learned a level 3 spell: Stone Arrow
  2047 | D:3      | Noticed Grinder
  2095 | D:3      | Paralysed by Grinder for 4 turns
  2100 | D:3      | Killed Grinder
  2101 | D:3      | Reached skill level 5 in Conjurations
  2101 | D:3      | Reached skill level 6 in Earth Magic
  2101 | D:3      | Reached XP level 6. HP: 14/32 MP: 4/9
  2177 | D:3      | Found a burning altar of Makhleb.
  2206 | D:3      | Reached skill level 7 in Earth Magic
  2206 | D:3      | Reached XP level 7. HP: 36/36 MP: 6/10
  2746 | D:3      | Found a shimmering altar of Xom.
  3225 | D:4      | You fall into a shaft and drop 3 floors!
  3232 | D:6      | Found a runed translucent door.
  3234 | D:6      | Noticed flammie80's ghost (weakling FoMo)
  3258 | D:5      | Entered Level 5 of the Dungeon
  3538 | D:5      | Reached skill level 8 in Earth Magic
  3663 | D:5      | Reached XP level 8. HP: 41/41 MP: 11/11
  4036 | D:5      | Got the Incunabulum of Hexes
  4063 | D:5      | Identified the +0 scale mail of the Stallion {Slay+2}
  4179 | D:5      | Found a hazy altar of Hepliaklqana.
  4319 | D:4      | Noticed Robin
  4385 | D:4      | Reached skill level 1 in Fighting
  4519 | D:4      | Found a staircase to the Ecumenical Temple.
  4533 | Temple   | Entered the Ecumenical Temple
  4645 | D:4      | Killed Robin
  4789 | D:4      | Noticed Edmund
  4796 | D:4      | Killed Edmund
  5783 | D:6      | Reached skill level 9 in Earth Magic
  5807 | D:6      | Identified the +2 ring mail of Lugonu's Fury {Rampage}
  6006 | D:6      | Found a sparkling altar of Nemelex Xobeh.
  6015 | D:6      | Shot with an arrow by a centaur

Illustrated notes

Levels and vault maps discovered:
D:1:      lemuel_arrival_cross, layout_rooms
D:2:      layout_basic
D:3:      minmay_inner_zag, layout_basic, general_overflow_altar,
          mainiacjoe_overflow_tiny_flanked,
          nicolae_concentric_dashed_squares_wild, uniq_grinder
D:4:      layout_basic, minmay_temple_entry_grid, uniq_robin, uniq_edmund
D:5:      kennysheep_six_static_rooms, layout_layer_cave,
          nzn_hepliaklqana_mist_gate, hangedman_minor_gate_pass
D:6:      layout_layer_cave, lemuel_tele_altar, mainiacjoe_overflow_paths,
          ebering_ghost_sewer_d, portal_sewer_entry_b, centaur_isle
D:7:      layout_cave_pools, serial_shops, nicolae_shop_tiny_glass,
          nicolae_shop_tiny_glass, nicolae_shop_tiny_waterfront,
          nicolae_shop_mannequins, shop, nicolae_shop_dragon_depot
Temple:   oiseaux_autumnal_temple

Skill      XL: |  1  2  3  4  5  6  7  8 |
---------------+-------------------------+-----
Earth Magic    | 4 5 6 7 8 9 |  9.0
Conjurations   | 2 3 5 6 7 |  7.5
Fighting       | 2 |  2.9
Dodging        | 2 |  2.8
Spellcasting   | 3 |  3.2
Stealth        | |  2.1

Action                     |  1- 3 |  4- 6 |  7- 9 || total
---------------------------+-------+-------+-------++-------
  Melee: Unarmed           |     9 |       |       ||     9
         Staff             |       |     6 |     2 ||     8
   Cast: Sandblast         |    44 |    39 |   118 ||   201
    Use: Scroll            |       |       |     5 ||     5
         Potion            |       |       |     1 ||     1
   Stab: Sleeping          |       |     1 |       ||     1
 Armour: Robe              |    16 |     7 |    50 ||    73
  Dodge: Dodged            |    12 |     6 |    44 ||    62
  Block: Other             |       |       |    17 ||    17
         Reflection        |       |       |     4 ||     4
